 Dungeon Crawl Stone Soup version 0.25-a0-317-g5f8687bca5 (webtiles) character file.

Game seed: 190949192120558435, levelgen mode: classic

19302 Borgoz the Basher (level 12, -3/78 HPs)
             Began as a Gargoyle Fighter on Dec 25, 2019.
             Was a Follower of Ashenzari.
             Slain by a death yak (12 damage)
             ... on level 10 of the Dungeon.
             The game lasted 00:25:20 (12206 turns).

Borgoz the Basher (Gargoyle Fighter)               Turns: 12206, Time: 00:25:20

Health: -3/78      AC: 19    Str: 27    XL:     12   Next: 67%
Magic:  0/12       EV: 12    Int: 11    God:    Ashenzari [*.....]
Gold:   735        SH: 10    Dex: 13    Spells: 11/11 levels left

rFire    + . .     SeeInvis .   a - +0 mace (crush)
rCold    + . .     Gourm    .   c - +0 shield
rNeg     + . .     Faith    .   L - +0 scale mail {rC+}
rPois    ∞         Spirit   +   p - +0 helmet
rElec    +         Reflect  .   (no cloak)
rCorr    .         Harm     .   (no gloves)
MR       .....                  (no boots)
Stlth    ..........             o - amulet of guardian spirit
HPRegen  0.23/turn              H - ring of protection from fire
MPRegen  0.13/turn              A - ring "Yrunayv" {+Fly Str+8}

@: no status effects
A: negative energy resistance 1, electricity resistance, unbreathing,
petrification resistance, rot immunity, AC +8
a: Curse Item, Scrying, Renounce Religion, Evoke Flight


You were on level 10 of the Dungeon.
You worshipped Ashenzari.
Ashenzari was aware of your devotion.
You were hungry.

You visited 2 branches of the dungeon, and saw 12 of its levels.
You also visited: Sewer and Bailey.

You collected 735 gold pieces.

Inventory:

Hand Weapons
 a - a +0 mace of crushing (weapon)
 b - a +2 whip of draining
 E - the +5 hunting sling of Womu {venom, Dex+4}
   (You found it on level 6 of the Dungeon)

   It poisons the ammo it fires.
   It affects your dexterity (+4).
 P - the +5 dagger "Dicwuo Jioh" {protect, rC+ Dex+3}
   (You found it in a bailey)

   It grants its wielder temporary protection when it strikes (+7 to AC).
   It affects your dexterity (+3).
   It protects you from cold.
Missiles
 w - a throwing net (quivered)
Armour
 c - a +0 shield (worn)
 p - a +0 helmet (worn)
 L - a +0 scale mail of cold resistance (worn)
Jewellery
 n - an uncursed ring of protection from cold
 o - an amulet of guardian spirit (around neck)
 A - the ring "Yrunayv" (right hand) {+Fly Str+8}
   (You found it on level 5 of the Dungeon)

   [ring of flight]

   It affects your strength (+8).
   It lets you fly.
 H - a ring of protection from fire (left hand)
Wands
 e - a wand of disintegration (9)
 s - a wand of digging (6)
 C - a wand of iceblast (5)
 G - a wand of acid (11)
 I - a wand of paralysis (12)
 J - a wand of polymorph (6)
 M - a wand of flame (5)
Scrolls
 g - 2 scrolls of fog {unknown}
 h - 7 scrolls of enchant armour
 i - 4 scrolls of remove curse
 l - 2 scrolls of amnesia {unknown}
 m - 4 scrolls of blinking {unknown}
 q - a scroll of immolation {unknown}
 v - 3 scrolls of enchant weapon {unknown}
 x - 2 scrolls of fear {unknown}
 y - 2 scrolls of magic mapping {unknown}
 z - 5 scrolls of teleportation {unknown}
 D - a scroll of acquirement {unknown}
 K - a scroll of holy word {unknown}
Potions
 d - 5 potions of might
 j - 7 potions of curing
 k - a potion of lignification
 r - a potion of resistance
 t - a potion of haste
 u - 3 potions of brilliance
 B - 2 potions of agility
 F - a potion of mutation
 N - a potion of experience {unknown}
 O - a potion of magic
Comestibles
 f - 31 rations


   Skills:
 + Level 10.5 Fighting
 * Level 12.7 Maces & Flails
 + Level 11.1 Armour
 + Level 7.6 Dodging
 - Level 3.2 Shields


You had 11 spell levels left.
You didn't know any spells.
Your spell library contained the following spells:

 Spells                   Type           Power        Failure   Level  Hunger
 Animate Skeleton         Necr           N/A          97%         1    ##.....
 Apportation              Tloc           #.....       97%         1    ##.....
 Confusing Touch          Hex            #.....       97%         1    ##.....
 Summon Small Mammal      Summ           #...         97%         1    ##.....
 Confuse                  Hex            #.......     100%        3    ####...
 Gell's Gravitas          Tloc           #.........   100%        3    ####...
 Petrify                  Tmut/Erth      #.......     100%        4    #####..
 Metabolic Englaciation   Hex/Ice        #.........   100%        5    ######.
 Yara's Violent Unravell  Hex/Tmut       #.........   100%        5    ######.


Dungeon Overview and Level Annotations

Branches:
Dungeon (11/15)            Temple (1/1) D:7            Lair (0/6) D:11
    Orc (0/2) D:11          Sewer (visited)          Bailey (visited)

Altars:
Ashenzari
Cheibriados
Dithmenos
Elyvilon
Fedhas
Gozag
Hepliaklqana
Kikubaaqudgha
Makhleb
Nemelex Xobeh
Okawaru
Qazlal
Ru
Sif Muna
Trog
Uskayaw
Vehumet
Wu Jian
Xom
Yredelemnul
Zin
The Shining One

Shops:
D:9 (   D:10 :


Innate Abilities, Weirdness & Mutations

You are resistant to torment.
Your stone body is resilient. (AC +8)
You are immune to poison.
You resist negative energy. (rN+)
You are resistant to electric shocks. (rElec)
You can survive without breathing.
You are immune to petrification.
You are immune to rotting.


Message History

You barely miss the death yak.
The death yak is severely wounded.
The death yak gores you but does no damage.
You hit the death yak.
The death yak is severely wounded.
You hit the death yak.
The death yak is almost dead.
The death yak barely misses you.
You hit the death yak.
The death yak is almost dead.
The death yak gores you!!
* * * LOW HITPOINT WARNING * * *
You hit the death yak.
The death yak is almost dead.
The death yak gores you!
* * * LOW HITPOINT WARNING * * *
You hit the death yak but do no damage.
The death yak is almost dead.
The death yak gores you!
You die...

###....##....
######......#⌠..♣.
#.##........##....
#............##...
#..>.∩........##⌠#
#..............###
#.................
#Y#............#..
#@#...........#...
#............#...#
##..........[...#.
###..........##..
##........###..
##.......##...
##..##).##...
######..[### ##..#


You could see a death yak.

Vanquished Creatures
  An orc warlord (Bailey)
  Harold (D:9)
  A hydra (D:11)
  A two-headed ogre (D:10)
  Erica (D:8)
  The ghost of Borgoz the Basher, a journeyman GrGl of Okawaru (D:10)
  3 death yaks (D:10)
  Urug (D:10)
  2 unseen horrors
  An ugly thing (D:10)
  A centaur zombie (D:11)
  A kobold demonologist (D:11)
  A queen bee (D:8)
  2 hippogriffs
  A shadow (D:11)
  4 yaks (D:9)
  A wraith (D:10)
  A hungry ghost (D:10)
  A water moccasin (D:8)
  Purgy (Sewer)
  4 sky beasts
  10 orc warriors
  2 ice beasts
  2 phantoms
  A necrophage (D:10)
  5 ogres
  9 centaurs
  A crocodile (D:9)
  21 big kobolds
  7 bullfrogs
  A wyvern skeleton (D:10)
  A water moccasin zombie (D:10)
  3 scorpions
  19 killer bees
  An electric eel (D:7)
  4 howler monkeys
  3 jellies
  7 crimson imps
  2 bullfrog zombies (D:7)
  7 hounds
  2 orc priests
  3 centaur skeletons
  13 orc wizards
  Natasha (thrice) (D:3)
  Ijyb (D:3)
  Terence (D:2)
  5 iguanas
  13 worker ants
  2 hound skeletons
  7 gnolls
  A howler monkey skeleton (D:4)
  16 adders
  3 river rats (D:5)
  2 shadow imps
  An ooze (D:1)
  2 adder zombies
  2 adder skeletons
  5 worms
  4 dart slugs (D:2)
  8 leopard geckos
  65 orcs
  6 bats
  8 giant cockroaches
  6 hobgoblins
  13 jackals
  35 kobolds
  3 quokkas
  3 ball pythons (Sewer)
  7 frilled lizards
  9 goblins
  A leopard gecko skeleton (D:5)
  A quokka zombie (D:5)
  9 rats
  A plant (D:1)
398 creatures vanquished.

Vanquished Creatures (others)
  An adder (D:3)
1 creature vanquished.

Grand Total: 399 creatures vanquished

Notes
Turn   | Place    | Note
-------+----------+-------------------------------------------
     0 | D:1      | Borgoz the Gargoyle Fighter began the quest for the Orb.
     0 | D:1      | Reached XP level 1. HP: 14/14 MP: 1/1
    72 | D:1      | Reached XP level 2. HP: 19/19 MP: 2/2
   441 | D:1      | Reached XP level 3. HP: 22/23 MP: 3/3
   946 | D:2      | Reached skill level 1 in Dodging
   953 | D:2      | Reached skill level 3 in Maces & Flails
  1086 | D:2      | Reached XP level 4. HP: 24/29 MP: 4/4
  1212 | D:2      | Noticed Terence
  1225 | D:2      | Killed Terence
  1491 | D:3      | Noticed an ogre
  1508 | D:3      | Killed an ogre
  1508 | D:3      | Reached XP level 5. HP: 5/33 MP: 2/5
  1822 | D:3      | Reached skill level 4 in Maces & Flails
  1822 | D:3      | Reached XP level 6. HP: 29/38 MP: 6/6
  2074 | D:3      | Noticed Natasha
  2082 | D:3      | Killed Natasha
  2314 | D:3      | Found a faded altar of an unknown god.
  2427 | D:3      | Noticed Ijyb
  2446 | D:3      | Killed Ijyb
  2457 | D:3      | Found a shimmering blue altar of Sif Muna.
  2658 | D:3      | Noticed Natasha
  2666 | D:3      | Killed Natasha
  2732 | D:3      | Noticed Natasha
  2747 | D:3      | Killed Natasha
  3024 | D:4      | Noticed a phantom
  3056 | D:4      | Noticed an orc warrior
  3076 | D:4      | Killed an orc warrior
  3076 | D:4      | Reached skill level 5 in Maces & Flails
  3076 | D:4      | Reached XP level 7. HP: 27/44 MP: 4/7
  3132 | D:4      | Reached skill level 5 in Fighting
  3132 | D:4      | Reached skill level 5 in Armour
  3522 | D:4      | Found a basalt altar of Yredelemnul.
  3645 | D:4      | Found a sparkling altar of Nemelex Xobeh.
  3648 | D:4      | Found a snail-covered altar of Cheibriados.
  3651 | D:4      | Found a bloodstained altar of Trog.
  3674 | D:4      | Found an iron altar of Okawaru.
  3704 | D:4      | Reached XP level 8. HP: 43/49 MP: 8/8
  3872 | D:5      | Entered Level 5 of the Dungeon
  3877 | D:5      | Reached skill level 6 in Maces & Flails
  4043 | D:5      | Found a glowing drain.
  4073 | Sewer    | Entered a sewer
  4118 | Sewer    | Noticed Purgy
  4140 | Sewer    | Killed Purgy
  4297 | D:5      | Found a glowing silver altar of Zin.
  4385 | D:5      | Got a glittering amber ring
  4807 | D:5      | Reached skill level 7 in Maces & Flails
  5007 | D:6      | Reached XP level 9. HP: 50/56 MP: 9/9
  5291 | D:6      | Reached skill level 8 in Maces & Flails
  5583 | D:6      | Got a polished hunting sling
  6002 | D:7      | Found a staircase to the Ecumenical Temple.
  6020 | Temple   | Entered the Ecumenical Temple
  6032 | Temple   | Became a worshipper of Ashenzari the Shackled
  6032 | Temple   | Identified the ring "Yrunayv" {+Fly Str+8} (You found it on
                  | level 5 of the Dungeon)
  6677 | D:7      | Reached XP level 10. HP: 63/63 MP: 10/10
  6784 | D:7      | Reached skill level 9 in Maces & Flails
  6867 | D:7      | Reached skill level 5 in Dodging
  7329 | D:8      | Noticed Erica
  7361 | D:8      | Killed Erica
  7595 | D:8      | Reached skill level 10 in Maces & Flails
  8080 | D:9      | Reached * piety under Ashenzari
  8080 | D:9      | Noticed Harold
  8108 | D:9      | Killed Harold
  8108 | D:9      | Reached XP level 11. HP: 68/69 MP: 11/11
  8643 | D:9      | Found Septoifi's Weapon Emporium.
  9014 | D:10     | Entered Level 10 of the Dungeon
  9054 | D:10     | Found a glowing golden altar of the Shining One.
  9093 | D:10     | Noticed Urug
  9127 | D:10     | Killed Urug
  9146 | D:10     | Reached skill level 11 in Maces & Flails
  9313 | D:10     | Found a flagged portal.
  9330 | Bailey   | Entered a bailey
  9377 | Bailey   | Reached skill level 10 in Armour
  9386 | Bailey   | Noticed an orc warlord
  9461 | Bailey   | Found a runed translucent gate.
  9461 | Bailey   | Found a runed translucent gate.
  9461 | Bailey   | Found a runed translucent gate.
  9664 | Bailey   | Killed an orc warlord
  9718 | Bailey   | Got the dagger "Dicwuo Jioh" {protect, rC+ Dex+3}
  9732 | D:10     | Found Werer's Book Shop.
  9747 | D:10     | Noticed Borgoz's ghost (journeyman GrGl)
  9749 | D:10     | Found a runed translucent door.
  9988 | D:10     | Found a stormy altar of Qazlal.
 10256 | D:11     | Killed an unseen horror
 10282 | D:11     | Noticed a two-headed ogre
 10306 | D:10     | Killed a two-headed ogre
 10548 | D:11     | Noticed a death yak
 10549 | D:11     | Noticed a death yak
 10549 | D:11     | Noticed a death yak
 10549 | D:11     | Noticed a death yak
 10552 | D:11     | Noticed a death yak
 10552 | D:11     | Noticed a death yak
 10554 | D:11     | Noticed a four-headed hydra
 10637 | D:11     | Found a staircase to the Lair.
 10654 | D:11     | Reached XP level 12. HP: 77/77 MP: 12/12
 10857 | D:10     | Reached skill level 12 in Maces & Flails
 10892 | D:10     | Reached skill level 10 in Fighting
 11534 | D:11     | Killed a four-headed hydra
 11573 | D:11     | Found a staircase to the Orcish Mines.
 11640 | D:11     | Noticed a death yak
 11641 | D:11     | Noticed a death yak
 11642 | D:11     | Noticed a death yak
 11643 | D:11     | Noticed a death yak
 11711 | D:10     | Killed a death yak
 11731 | D:10     | Killed a death yak
 11988 | D:10     | Killed Borgoz's ghost
 12183 | D:10     | Killed a death yak
 12206 | D:10     | Slain by a death yak

Levels and vault maps discovered:
D:1:      lemuel_arrival_broad_hall, layout_basic, serial_bayou,
          serial_bayou_pond_c, serial_bayou_pond_c, serial_bayou_ford_a,
          serial_bayou_shore_b, chequers_garden, minmay_cupped
D:2:      layout_basic, uniq_terence
D:3:      layout_basic, tgw_sif, chequers_ecumenical_altar_grove, minivault_24,
          uniq_ijyb, uniq_natasha
D:4:      layout_basic, kennysheep_little_box, grunt_temple_overflow_diamond,
          first_ration, minmay_ruined_shrine
D:5:      layout_rooms, zin_statuary, portal_sewer_entry_a
D:6:      layout_gridville, chequers_arboretum, minmay_chambers_of_fives
D:7:      wad_river_or_something, layout_basic, minmay_temple_entry_offerings,
          uniq_prince_ribbit1
D:8:      layout_loops_ring, david_nohive_1, uniq_erica
D:9:      layout_gridville, serial_shops, shop, uniq_harold
D:10:     layout_cave_pods, serial_shops, shop_fountains, enter_bailey_1,
          basic_altar, hellmonk_ghost_happy_afterlife, grunt_qazlal_clouds,
          uniq_urug
D:11:     layout_cave_pools, dpeg_lair_monsters, orc_0_dummy, special_room
          [special_room_kobold], kennysheep_small_circle
Temple:   lightli_temple_of_artemis

Skill      XL: |  1  2  3  4  5  6  7  8  9 10 11 12 |
---------------+-------------------------------------+-----
Dodging        | 1 2 3 4 5 6 7 |  7.6
Maces & Flails | 3 4 5 7 8 10 11 12 | 12.7
Fighting       | 4 5 6 7 8 9 10 | 10.5
Armour         | 4 5 6 8 9 10 11 | 11.1
Shields        | |  3.2

Action                   |  1- 3 |  4- 6 |  7- 9 | 10-12 || total
-------------------------+-------+-------+-------+-------++-------
Melee: Flail             |    20 |       |     1 |       ||    21
       Whip              |   120 |   217 |   649 |  1153 ||  2139
       Mace              |       |       |    67 |   134 ||   201
Evoke: Wand              |       |       |     2 |    11 ||    13
  Use: Scroll            |       |       |     7 |     5 ||    12
       Potion            |       |       |       |     2 ||     2
  Eat: Chunk             |     1 |     6 |    10 |    17 ||    34
       Ration            |       |       |     1 |     1 ||     2
Armor: Scale mail        |    50 |    92 |    54 |    17 ||   213
       Plate armour      |       |       |   489 |   679 ||  1168
Dodge: Dodged            |    35 |    63 |   163 |   389 ||   650
Block: Shield            |    62 |    92 |   415 |   587 ||  1156

Table legend:
 A = Non-vault XP
 B = Vault XP
 C = Vault XP percentage of total XP
 D = Non-vault monster count
 E = Vault monster count
 F = Vault count percentage of total count
                 A         B        C        D         E       F
            +---------+---------+-------+---------+---------+-------
      Total |   14203 |   13372 |  48.5 |     284 |     114 |  28.6
            +---------+---------+-------+---------+---------+-------
        D:1 |      31 |       6 |  16.2 |      17 |       4 |  19.0
        D:2 |      84 |      36 |  30.0 |      20 |       1 |   4.8
        D:3 |     341 |      73 |  17.6 |      35 |       2 |   5.4
        D:4 |     502 |     126 |  20.1 |      26 |       5 |  16.1
        D:5 |     690 |      62 |   8.2 |      23 |       7 |  23.3
        D:6 |    1259 |     374 |  22.9 |      34 |       4 |  10.5
        D:7 |    1133 |     559 |  33.0 |      34 |       7 |  17.1
        D:8 |     879 |    2136 |  70.8 |      23 |      17 |  42.5
        D:9 |    1547 |     965 |  38.4 |      17 |       1 |   5.6
       D:10 |    4794 |    5311 |  52.6 |      31 |      17 |  35.4
       D:11 |    2943 |    1339 |  31.3 |      24 |      14 |  36.8
      Sewer |       0 |     142 | 100.0 |       0 |       8 | 100.0
     Bailey |       0 |    2243 | 100.0 |       0 |      27 | 100.0
            +---------+---------+-------+---------+---------+-------
